 Dungeon Crawl Stone Soup version 0.28.0-1-gb440e238dd (webtiles) character file.

Game seed: 14259195790603785081

807 cbfl8 the Covered (level 7, 0/61 HPs)
             Began as a Minotaur Delver on Feb 27, 2022.
             Succumbed to a killer bee's poison
             ... on level 5 of the Dungeon.
             The game lasted 00:08:17 (5079 turns).

cbfl8 the Covered (Minotaur Delver)                 Turns: 5079, Time: 00:08:18

Health: 0/61       AC:  8    Str: 24    XL:     7   Next: 60%
Magic:  6/6        EV: 12    Int:  9    God:
Gold:   184        SH:  0    Dex: 16    Spells: 6/6 levels left

rFire   + . .      SeeInvis .   z - +3 spear of Law {speed, rF+ Dex+4}
rCold   + . .      Faith    .   (no shield)
rNeg    . . .      Spirit   .   h - +0 scale mail
rPois   .          Reflect  .   (helmet restricted)
rElec   .          Harm     .   (no cloak)
rCorr   .          Rampage  .   (no gloves)
Will    .....                   v - +0 pair of boots
Stlth   ++........              (no amulet)
HPRegen 0.20/turn               y - +6 ring of strength
MPRegen 0.10/turn               (no ring)

@: lethally poisoned (0 -> -6), hasted, very quick
A: horns 2, retaliatory headbutt, clever 1, cold resistance 1
a: no special abilities


You were on level 5 of the Dungeon.
You visited 1 branch of the dungeon, and saw 5 of its levels.

You collected 184 gold pieces.

Inventory:

Hand Weapons
 a - a +0 hand axe
 d - a +2 vorpal mace
 z - the +3 spear of Law (weapon) {speed, rF+ Dex+4}
   (You found it on level 4 of the Dungeon)

   Attacks with this weapon are significantly faster.
   Dex:       It affects your dexterity (+4).
   rF:        It protects you from fire.
Armour
 b - a +0 leather armour
 h - a +0 scale mail (worn)
 v - a +0 pair of boots (worn)
Jewellery
 y - a +6 ring of strength (left hand)
Wands
 e - a wand of iceblast (8)
 g - a wand of digging (3)
 s - a wand of paralysis (9)
Scrolls
 c - a scroll of fog
 m - a scroll of identify {unknown}
 o - 2 scrolls of enchant weapon {unknown}
 q - a scroll of blinking {unknown}
 t - a scroll of magic mapping
 u - a scroll of torment {unknown}
 w - a scroll of teleportation {unknown}
 A - a scroll of enchant armour {unknown}
Potions
 i - a potion of lignification
 j - a potion of cancellation
 x - a potion of flight


   Skills:
 + Level 5.5 Fighting
 + Level 3.1(4.4) Axes
 + Level 3.5(4.1) Maces & Flails
 + Level 2.9(3.6) Polearms
 + Level 5.7 Armour
 + Level 3.6 Dodging
 + Level 4.6 Stealth
 + Level 1.5 Unarmed Combat


You had 6 spell levels left.
You didn't know any spells.
Your spell library contained the following spells:

 Spells                   Type           Power      Damage    Failure   Level
 Inner Flame              Hex/Fire       0%         N/A       95%         3
 Cause Fear               Hex            0%         N/A       100%        4
 Olgreb's Toxic Radiance  Pois           0%         N/A       100%        4
 Ozocubu's Refrigeration  Ice            0%         4d5       100%        7
 Discord                  Hex            0%         N/A       100%        8
 Ignition                 Fire           0%         3d3       100%        8


Dungeon Overview and Level Annotations

Branches:
Dungeon (5/15)
 Temple: D:4-7

Altars:
Elyvilon
Fedhas
Makhleb
Okawaru
Qazlal
Uskayaw
Wu Jian
Zin


Innate Abilities, Weirdness & Mutations

You have a pair of horns on your head.
You reflexively headbutt those who attack you in melee.
Your mind is acute. (Int +2)
Your flesh is cold resistant. (rC+)


Message History

Unknown command.
You barely miss the killer bee.
The killer bee is heavily wounded.
You feel sick. The killer bee stings you.
You are more poisoned.
The killer bee poisons you! The killer bee stings you.
* * * LOW HITPOINT WARNING * * *
The killer bee stings you but does no damage.
You hit the killer bee. You headbutt the killer bee!
You kill the killer bee!
* * * LOW HITPOINT WARNING * * *
You feel very sick. The killer bee barely misses you. You furiously retaliate!
You headbutt the killer bee. The killer bee barely misses you.
You furiously retaliate!
You headbutt the killer bee. The killer bee stings you.
* * * LOW HITPOINT WARNING * * *
You are lethally poisoned!
The killer bee poisons you! The killer bee barely misses you.
You feel yourself speed up.
* * * LOW HITPOINT WARNING * * *
You feel very sick. The killer bee barely misses you. You furiously retaliate!
You headbutt the killer bee. The killer bee barely misses you.
The killer bee stings you but does no damage.
The killer bee completely misses you. You furiously retaliate!
You headbutt the killer bee.
* * * LOW HITPOINT WARNING * * *
You feel sick.
* * * LOW HITPOINT WARNING * * *
You feel sick.
* * * LOW HITPOINT WARNING * * *
You feel sick. The killer bee closely misses you. You furiously retaliate!
You headbutt the killer bee!
You kill the killer bee!
* * * LOW HITPOINT WARNING * * *
You feel sick.
* * * LOW HITPOINT WARNING * * *
You feel sick.
You die...

**,* #.....?...,* ***** ***
#.†.......,* *,,,** *#†#********
*,,,,, ####.# ***,*, *****
#...†######### *,,,,, ***,,,*
#.##.#.......# *,*,,, ***,+,,,*
#...y#.......# *,*,*, *,,**,,,*
#####..#.......# #.#,**
,******** #.###.@#.......#
#.#,** ** #......'.......#
#.#,,, #.####.#†......# #.####
#######.#.#..#....######.....
#............#..#.# #.+.....
#######.#.#..#..#.####.#.....
###.......#..#....##...#.....
####...####..#..##.###.........#
##.##.#.# #..#.................#


You could see a killer bee.

Vanquished Creatures
  A centaur (D:5)
  A phantom (D:5)
  3 killer bees (D:5)
  A bullfrog zombie (D:5)
  2 hounds
  A gnoll shaman (D:5)
  An orc priest (D:5)
  A bullfrog skeleton (D:5)
  Natasha (twice) (D:3)
  2 iguanas (D:5)
  2 orc wizards (D:5)
  5 gnolls (D:5)
  5 adders
  2 worms (D:4)
  A dart slug (D:1)
  9 orcs
  6 ball pythons
  6 endoplasms
  5 giant cockroaches
  5 goblins
  8 hobgoblins
  7 jackals (D:1)
  8 kobolds
  3 quokkas
  6 bats
  9 frilled lizards
  2 rats (D:1)
104 creatures vanquished.

Vanquished Creatures (others)
  5 plants (D:3)
5 creatures vanquished.

Grand Total: 109 creatures vanquished

Notes
Turn   | Place    | Note
-------+----------+-------------------------------------------
     0 | D:5      | cbfl8 the Minotaur Delver began the quest for the Orb.
     0 | D:5      | Reached XP level 1. HP: 19/19 MP: 0/0
   132 | D:4      | Reached XP level 2. HP: 13/27 MP: 1/1
   439 | D:2      | Found a faded altar of an unknown god.
   441 | D:2      | Identified the +1 robe "Oprarang" {Rampage *Corrode rN++
                  | Dex+3}
   485 | D:1      | Reached XP level 3. HP: 26/33 MP: 2/2
   503 | D:1      | Reached skill level 1 in Maces & Flails
  2011 | D:3      | Noticed Natasha
  2017 | D:3      | Killed Natasha
  2018 | D:3      | Reached skill level 1 in Armour
  2018 | D:3      | Reached XP level 4. HP: 32/40 MP: 3/3
  2388 | D:3      | Found a blossoming altar of Fedhas.
  2616 | D:3      | Found a glowing silver altar of Zin.
  2667 | D:3      | Found a burning altar of Makhleb.
  2667 | D:3      | Found a white marble altar of Elyvilon.
  2674 | D:3      | Noticed Natasha
  2675 | D:3      | Found a faded altar of an unknown god.
  2678 | D:3      | Killed Natasha
  2679 | D:3      | Reached XP level 5. HP: 40/46 MP: 4/4
  2720 | D:3      | Found a stormy altar of Qazlal.
  2722 | D:3      | Found a faded altar of an unknown god.
  2901 | D:4      | Found an ornate altar of the Wu Jian Council.
  2907 | D:4      | Noticed a spectral centipede
  2907 | D:4      | Noticed a spectral black mamba
  2907 | D:4      | Noticed a spectral cane toad
  3011 | D:4      | Found an iron altar of Okawaru.
  3112 | D:4      | Found a hide-covered altar of Uskayaw.
  3157 | D:4      | Identified the +3 spear of Law {speed, rF+ Dex+4}
  3665 | D:5      | Reached XP level 6. HP: 20/53 MP: 5/5
  3986 | D:5      | Reached skill level 1 in Polearms
  4230 | D:5      | Reached skill level 5 in Fighting
  4461 | D:5      | Gained mutation: Your flesh is cold resistant. (rC+)
                  | [potion of mutation]
  4461 | D:5      | Gained mutation: Your mind is acute. (Int +2) [potion of
                  | mutation]
  4461 | D:5      | HP: 2/84 [phantom (3)]
  4472 | D:5      | Reached skill level 5 in Armour
  4472 | D:5      | Reached XP level 7. HP: 24/61 MP: 6/6
  4477 | D:5      | Reached skill level 1 in Unarmed Combat
  5077 | D:5      | HP: 3/61 [poisoned by a killer bee]
  5078 | D:5      | HP: 1/61 [poisoned by a killer bee]
  5079 | D:5      | Succumbed to a killer bee's poison

Illustrated notes

Levels and vault maps discovered:
D:1:      erik_arrival_orb_chamber, layout_basic
D:2:      layout_loops_ring, shapermc_ecumenical_altar_acropolis,
          kennysheep_flooded_box, amcnicky_mini_corridor_feature,
          minmay_misc_feat_iff, minmay_puff
D:3:      layout_rooms, overflow_temple_1_default,
          chequers_temple_overflow_minitemple, lemuel_tele_altar,
          minmay_lizard_king, uniq_natasha
D:4:      layout_loops_ring, pdpol_wu_jian_five_deadly_venoms,
          mainiacjoe_overflow_catwalk_spiral
D:5:      layout_basic, gup_sewer_entry_glass, hangedman_decor_opposing,
          minmay_misc_feat_doors, uniq_crazy_yiuf_cottage, uniq_blork_the_orc

Skill      XL: |  1  2  3  4  5  6  7 |
---------------+----------------------+-----
Maces & Flails | 2 3 |  3.5
Axes           | 3 |  3.1
Fighting       | 4 5 |  5.5
Armour         | 1 2 3 5 |  5.7
Dodging        | 3 |  3.6
Polearms       | 1 2 |  2.9
Unarmed Combat | 1 |  1.5
Stealth        | |  4.6

Action                   |  1- 3 |  4- 6 |  7- 9 || total
-------------------------+-------+-------+-------++-------
Melee: Hand axe          |    23 |     1 |       ||    24
       Headbutt          |    12 |    24 |     6 ||    42
       Punch             |     3 |     3 |     1 ||     7
       Mace              |    61 |    30 |       ||    91
       Spear             |       |    86 |    25 ||   111
       Unarmed           |       |    18 |     5 ||    23
  Use: Scroll            |     1 |     1 |       ||     2
       Potion            |       |    10 |     1 ||    11
Armor: Leather armour    |     4 |       |       ||     4
       Scale mail        |    55 |    53 |    17 ||   125
       Skin              |       |    74 |     3 ||    77
Dodge: Dodged            |    76 |    70 |    31 ||   177
